 Dungeon Crawl Stone Soup version 0.27-a0-1193-g8631133539 (webtiles) character file.

Game seed: 6274297660501547759

314 leviel the Cleaver (level 6, -6/52 HPs)
             Began as a Hill Orc Fighter on May 25, 2021.
             Mangled by an ice beast (11 damage)
             ... on level 5 of the Dungeon.
             The game lasted 00:04:28 (3901 turns).

leviel the Cleaver (Hill Orc Fighter)               Turns: 3901, Time: 00:04:28

Health: -6/52      AC:  6    Str: 21    XL:     6   Next: 43%
Magic:  6/6        EV:  7    Int:  8    God:
Gold:   133        SH: 10    Dex: 10    Spells: 5/5 levels left

rFire    . . .     SeeInvis .   a - +0 war axe
rCold    . . .     Faith    .   c - +1 kite shield
rNeg     . . .     Spirit   .   b - +0 scale mail
rPois    .         Reflect  .   (no helmet)
rElec    .         Harm     .   (no cloak)
rCorr    .         Rampage  .   (no gloves)
Will     +....                  (no boots)
Stlth    ..........             (no amulet)
HPRegen  0.17/turn              r - ring of willpower
MPRegen  0.10/turn              (no ring)

@: mighty
A: no striking features
a: no special abilities


You were on level 5 of the Dungeon.
You visited 1 branch of the dungeon, and saw 5 of its levels.

You collected 133 gold pieces.

Inventory:

Hand Weapons
 a - a +0 war axe (weapon)
Missiles
 g - 6 atropa-tipped darts (quivered)
Armour
 b - a +0 scale mail (worn)
 c - a +1 kite shield (worn)
Jewellery
 r - a ring of willpower (left hand)
Wands
 o - a wand of mindburst (13)
Scrolls
 i - a scroll of identify {@r1}
 l - a scroll of brand weapon {unknown}
 n - a scroll of silence {unknown}
 p - 2 scrolls of teleportation
Potions
 d - a potion of might
 e - a potion of lignification {unknown}
 f - a potion of curing {unknown}
 h - 2 potions of degeneration
 j - a potion of brilliance
 k - a potion of mutation {unknown}
 m - a potion of resistance {unknown}
 q - a potion of cancellation {unknown}


   Skills:
 - Level 3.8 Fighting
 + Level 8.4 Axes
 - Level 3.4 Armour
 - Level 3.4 Shields


You had 5 spell levels left.
You didn't know any spells.
Your spell library contained the following spells:

 Spells                   Type           Power      Damage    Failure   Level
 Magic Dart               Conj           0%         1d3       99%         1
 Searing Ray              Conj           0%         3d3       100%        2
 Dazzling Flash           Conj/Hex       0%         N/A       100%        3
 Fulminant Prism          Conj/Hex       0%         3d6       100%        4
 Iskenderun's Mystic Bla  Conj/Tloc      0%         2d3       100%        4


Dungeon Overview and Level Annotations

Branches:
Dungeon (5/15)
 Temple: D:4-7

Altars:
Hepliaklqana

Shops:
D:2 :   D:3 ?:


Message History

You barely miss the ice beast.
The ice beast is lightly wounded.
The ice beast hits you. The ice beast freezes you.
You hit the ice beast but do no damage.
The ice beast is lightly wounded.
You block the ice beast's attack. The ice beast completely misses you.
You closely miss the ice beast.
The ice beast is lightly wounded.
You block the ice beast's attack.
You closely miss the ice beast.
The ice beast is lightly wounded.
You block the ice beast's attack.
You barely miss the ice beast.
The ice beast is lightly wounded.
The ice beast hits you. The ice beast freezes you! The ice beast hits you.
The ice beast freezes you.
You are too injured to fight recklessly!
You are too injured to fight recklessly!
You are too injured to fight recklessly!
You block the ice beast's attack.
Okay, then.
You feel very mighty all of a sudden. You block the ice beast's attack.
You slash the ice beast!
The ice beast is moderately wounded.
The ice beast hits you. The ice beast freezes you!
* * * LOW HITPOINT WARNING * * *
You barely miss the ice beast.
The ice beast is moderately wounded.
The ice beast hits you but does no damage.
The ice beast barely misses you.
Your shield prevents you from hitting the ice beast.
The ice beast is moderately wounded.
The ice beast barely misses you.
You slash the ice beast!
The ice beast is severely wounded.
The ice beast hits you.
* * * LOW HITPOINT WARNING * * *
The ice beast freezes you!
You die...

### ### #.. ..
#.##.#### #.#.....
###.#..####.
#...).......
#.#.########
#Y#... #@##### #.#
#.# #.# #.# #.#
#.# #.#
#.################


You could see an ice beast.

Vanquished Creatures
  A black bear (D:4)
  A howler monkey (D:4)
  A hound skeleton (D:4)
  5 adders
  A worm (D:2)
  3 dart slugs
  6 orcs
  6 ball pythons
  14 endoplasms
  2 giant cockroaches
  9 goblins
  7 hobgoblins
  14 jackals
  6 quokkas
  7 bats
  5 frilled lizards
  6 kobolds
  9 rats
103 creatures vanquished.

Notes
Turn   | Place    | Note
-------+----------+-------------------------------------------
     0 | D:1      | leviel the Hill Orc Fighter began the quest for the Orb.
     0 | D:1      | Reached XP level 1. HP: 19/19 MP: 1/1
   121 | D:1      | Reached skill level 3 in Axes
   121 | D:1      | Reached XP level 2. HP: 26/27 MP: 2/2
   326 | D:1      | Reached XP level 3. HP: 23/33 MP: 3/3
   467 | D:1      | Reached skill level 4 in Axes
   917 | D:1      | Found a faded altar of an unknown god.
  1183 | D:2      | Reached skill level 5 in Axes
  1183 | D:2      | Reached XP level 4. HP: 34/40 MP: 4/4
  1872 | D:2      | Found Yplizu's Book Shoppe.
  2281 | D:3      | Found Dogumm's Magic Scroll Emporium.
  2314 | D:3      | Reached skill level 6 in Axes
  2371 | D:3      | Reached XP level 5. HP: 42/46 MP: 5/5
  2829 | D:3      | Found Qemn's Book Shop.
  3299 | D:4      | Found a hazy altar of Hepliaklqana.
  3459 | D:4      | Reached skill level 7 in Axes
  3559 | D:4      | Noticed a black bear
  3564 | D:4      | Killed a black bear
  3565 | D:4      | Reached skill level 8 in Axes
  3565 | D:4      | Reached XP level 6. HP: 49/52 MP: 6/6
  3850 | D:5      | Entered Level 5 of the Dungeon
  3880 | D:5      | Noticed an ice beast
  3901 | D:5      | Mangled by an ice beast

Illustrated notes

Levels and vault maps discovered:
D:1:      scummos_arrival_star, layout_rooms,
          shapermc_ecumenical_altar_mp_ritualfount
D:2:      layout_loops_corners, serial_shops, nicolae_shop_waterfront
D:3:      layout_basic, serial_shops, nicolae_shop_stone, shop,
          chequers_serial_rivers_room_b
D:4:      layout_cave_pools, nicolae_hepliaklqana_hazy_memory
D:5:      layout_basic, lemuel_doored_altar, general_overflow_altar,
          lemuel_coloured_pillars_altar, lemuel_crystal_altar,
          lemuel_crystal_altar, gammafunk_temple_overflow_elements,
          mrwooster_statue_mirror

Skill      XL: |  1  2  3  4  5 |
---------------+----------------+-----
Axes           | 3 5 6 8 |  8.4
Fighting       | |  3.8
Armour         | |  3.4
Shields        | |  3.4

Action                   |  1- 3 |  4- 6 || total
-------------------------+-------+-------++-------
Melee: War axe           |    81 |   207 ||   288
  Use: Scroll            |       |     5 ||     5
       Potion            |       |     1 ||     1
Armor: Scale mail        |    47 |    96 ||   143
Dodge: Dodged            |    24 |    58 ||    82
Block: Kite shield       |    37 |   116 ||   153

Table legend: (Time is in decaauts)
 A = Elapsed time spent in this place.
 B = Non-inter-level travel time spent in this place.
 C = Inter-level travel time spent in this place.
 D = Time resting spent in this place.
 E = Time spent auto-exploring this place.
 F = Levels seen in this place.
 G = Mean time per level.
                   A        B        C        D        E       F      G
               +--------+--------+--------+--------+--------+-----+--------+
         Total |   4035 |   3920 |    115 |    194 |   3020 |   5 |  807.0 |
       Dungeon |   4035 |   3920 |    115 |    194 |   3020 |   5 |  807.0 |
               +--------+--------+--------+--------+--------+-----+--------+

Top non-repeatable levels by time:
     D:2: 1366 daAuts
     D:1: 986 daAuts
     D:4: 874 daAuts
     D:3: 754 daAuts
     D:5: 54 daAuts
